 Dungeon Crawl Stone Soup version 0.25.0-15-gac7dcb8919 (webtiles) character file.

Game seed: 11818787285442463904

308 Pynter the Poker (level 6, -3/52 HPs)
             Began as a Draconian Berserker on June 28, 2020.
             Was a Priest of Trog.
             Killed by divine providence
             ... invoked by an orc priest
              (12 damage)
             ... on level 4 of the Dungeon.
             The game lasted 00:11:44 (3303 turns).

Pynter the Poker (Draconian Berserker)              Turns: 3303, Time: 00:11:45

Health: -3/52      AC:  7    Str: 21    XL:     6   Next: 17%
Magic:  6/6        EV: 13    Int:  8    God:    Trog [***...]
Gold:   87         SH:  0    Dex: 10    Spells: 5/5 levels left

rFire    . . .     SeeInvis .   a - +1 spear
rCold    + . .     Gourm    .   (no shield)
rNeg     . . .     Faith    .   (armour unavailable)
rPois    .         Spirit   .   (helmet restricted)
rElec    .         Reflect  .   g - +0 cloak
rCorr    .         Harm     .   (no gloves)
MR       .....                  (no boots)
Stlth    +++.......             (no amulet)
HPRegen  0.17/turn              j - ring of protection from cold
MPRegen  0.10/turn              k - ring of stealth

@: no status effects
A: unfitting armour, cold-blooded, AC +6
a: Berserk, Trog's Hand, Renounce Religion


You were on level 4 of the Dungeon.
You worshipped Trog.
Trog was most pleased with you.
You were not hungry.

You visited 1 branch of the dungeon, and saw 4 of its levels.

You collected 87 gold pieces.

Inventory:

Hand Weapons
 a - a +1 spear (weapon)
 f - a +0 spear
 p - a +0 spear
Armour
 c - a +0 cloak
 g - a +0 cloak (worn)
Jewellery
 j - a ring of protection from cold (left hand)
 k - a ring of stealth (right hand)
Scrolls
 d - 3 scrolls of magic mapping
 h - a scroll of amnesia
Potions
 e - a potion of curing
 i - a potion of magic
 m - 2 potions of ambrosia
 o - a potion of might {unknown}
 s - a potion of haste
Comestibles
 b - 4 rations
 l - a chunk of flesh


   Skills:
 + Level 4.1 Fighting
 + Level 5.2 Polearms
 + Level 3.7 Dodging
 + Level 2.3 Stealth


You had 5 spell levels left.
You didn't know any spells.
Your spell library was empty.

Dungeon Overview and Level Annotations

Branches:
Dungeon (4/15)
 Temple: D:4-7

Altars:
Qazlal


Innate Abilities, Weirdness & Mutations

Your plain brown scales are hard. (AC +6)
You cannot fit into any form of body armour.
You are cold-blooded and may be slowed by cold attacks.


Message History

You hit the orc priest.
The orc priest is heavily wounded.
The orc priest closely misses you.
You closely miss the orc priest.
Your tail-slap misses the orc priest.
The orc priest is heavily wounded.
The orc priest barely misses you.
You closely miss the orc priest.
The orc priest is heavily wounded.
You hit the orc priest.
The orc priest is almost dead.
The orc priest barely misses you.
You barely miss the orc priest.
The orc priest is almost dead.
The orc priest hits you with a +0 trident.
* * * LOW HITPOINT WARNING * * *
You hit the orc priest.
Your tail-slap misses the orc priest.
The orc priest is almost dead.
The orc priest calls down the wrath of Beogh upon you.
Beogh smites you!
You die...

.....##.####.#
.######)..##.#####
# .# ##.........#
.# .#
#.......#.##.. .#
#............ .#
#.#..(..#.## ##
#.#.......# #
#.#######.# # #.#
#@# # #. #.o.#
##### .......
(...# .##...##.#
###.# ... ..?.# ..
#.#####..... .#..?
#...<....... .
..#.
#.#####.......
##### #.# ...


You could see an orc priest.

Vanquished Creatures
  An ogre (D:4)
  A hound (D:4)
  10 adders
  3 oozes
  A worm (D:2)
  3 dart slugs
  7 leopard geckos
  3 orcs
  A ball python (D:3)
  7 bats
  2 giant cockroaches
  4 goblins
  10 hobgoblins
  8 kobolds
  3 quokkas (D:2)
  7 frilled lizards
  10 rats
81 creatures vanquished.

Notes
Turn   | Place    | Note
-------+----------+-------------------------------------------
     0 | D:1      | Pynter the Draconian Berserker began the quest for the Orb.
     0 | D:1      | Reached XP level 1. HP: 19/19 MP: 1/1
   331 | D:1      | Reached XP level 2. HP: 25/26 MP: 2/2
   744 | D:1      | Reached ** piety under Trog
   923 | D:2      | Reached XP level 3. HP: 13/33 MP: 3/3
  1316 | D:2      | Reached skill level 4 in Polearms
  1374 | D:2      | Found a stormy altar of Qazlal.
  1444 | D:2      | Reached XP level 4. HP: 40/40 MP: 4/4
  1761 | D:2      | Reached skill level 1 in Stealth
  2314 | D:3      | Reached XP level 5. HP: 44/46 MP: 5/5
  2507 | D:3      | Reached *** piety under Trog
  3203 | D:4      | Reached skill level 5 in Polearms
  3276 | D:4      | Noticed an ogre
  3291 | D:4      | Killed an ogre
  3291 | D:4      | Reached XP level 6. HP: 22/52 MP: 6/6
  3303 | D:4      | Killed from afar by an orc priest

Illustrated notes

Levels and vault maps discovered:
D:1:      dpeg_chamrin_arrival_tetris, layout_loops_ring
D:2:      layout_basic, lemuel_round_altar
D:3:      layout_basic, first_ration
D:4:      layout_loops_ring, tso_metal_star, uniq_duvessa, uniq_ijyb

Skill      XL: |  1  2  3  4  5 |
---------------+----------------+-----
Dodging        | 3 |  3.7
Polearms       | 4 5 |  5.2
Stealth        | 1 2 |  2.3
Fighting       | 4 |  4.1

Action                   |  1- 3 |  4- 6 || total
-------------------------+-------+-------++-------
Melee: Spear             |   120 |   192 ||   312
       Tailslap          |    12 |    16 ||    28
  Use: Scroll            |     1 |    11 ||    12
       Potion            |     1 |     1 ||     2
 Stab: Sleeping          |     4 |     6 ||    10
  Eat: Chunk             |     2 |     4 ||     6
       Ration            |       |     1 ||     1
Armor: Skin              |    34 |    40 ||    74
Dodge: Dodged            |    64 |    94 ||   158
